 Dungeon Crawl Stone Soup version 0.29-a0-369-gd956c00756 (webtiles) character file.

Game seed: 8452607803861173277

404 Antichthon the Covered (level 6, -8/38 HPs)
             Began as a Gargoyle Fighter on May 2, 2022.
             Mangled by an ogre
             ... wielding a +0 giant club
              (15 damage)
             ... on level 5 of the Dungeon.
             The game lasted 00:05:07 (4288 turns).

Antichthon the Covered (Gargoyle Fighter)           Turns: 4288, Time: 00:05:08

Health: -8/38      AC: 17    Str: 20    XL:     6   Next: 86%
Magic:  7/7        EV:  7    Int: 10    God:
Gold:   223        SH:  5    Dex: 15    Spells: 5/5 levels left

rFire   + . .      SeeInvis .   a - +1 flail
rCold   . . .      Faith    .   c - +0 buckler
rNeg    + . .      Spirit   .   f - +0 chain mail
rPois   ∞          Reflect  .   k - +0 helmet
rElec   +          Harm     .   b - +0 cloak
rCorr   .          Rampage  .   l - +0 pair of gloves
Will    .....                   (no boots)
Stlth   ..........              (no amulet)
HPRegen 0.12/turn               g - +6 ring of dexterity
MPRegen 0.10/turn               e - ring of protection from fire

@: no status effects
A: sickness immunity, AC +4, negative energy resistance 1, electricity
resistance, torment resistance 1, petrification resistance
a: no special abilities


You were on level 5 of the Dungeon.
You visited 1 branch of the dungeon, and saw 5 of its levels.

You collected 223 gold pieces.

Inventory:

Hand Weapons
 a - a +1 flail (weapon)
Armour
 b - a +0 cloak (worn)
 c - a +0 buckler (worn)
 f - a +0 chain mail (worn)
 k - a +0 helmet (worn)
 l - a +0 pair of gloves (worn)
Jewellery
 e - a ring of protection from fire (right hand)
 g - a +6 ring of dexterity (left hand)
 i - a ring of flight
Wands
 j - a wand of paralysis (13)
Scrolls
 n - a scroll of magic mapping
 r - 2 scrolls of teleportation
 t - a scroll of immolation
Potions
 d - 2 potions of might
 h - 2 potions of curing {unknown}
 m - a potion of mutation {unknown}
 o - a potion of ambrosia {unknown}
 p - a potion of attraction {unknown}
 q - a potion of flight {unknown}
 s - a potion of brilliance {unknown}
 u - 2 potions of invisibility {unknown}


   Skills:
 * Level 4.2 Fighting
 * Level 4.3 Maces & Flails
 * Level 4.6 Armour
 * Level 1.4 Dodging
 * Level 4.3 Shields
 * Level 2.0 Invocations


You had 5 spell levels left.
You didn't know any spells.
Your spell library contained the following spells:

 Spells                   Type           Power      Damage    Failure   Level
 Ozocubu's Armour         Ice            0%         N/A       100%        3
 Metabolic Englaciation   Hex/Ice        0%         N/A       100%        5
 Simulacrum               Ice/Necr       0%         N/A       100%        6


Dungeon Overview and Level Annotations

Branches:
Dungeon (5/15)
 Temple: D:4-7

Altars:
Elyvilon
Xom

Annotations:
D:4 1 runed translucent door, holysushi's ghost, amateur KoMo


Innate Abilities, Weirdness & Mutations

You are immune to sickness and miasma.
Your stone body is resilient. (AC +4)
You are immune to poison.
You resist negative energy. (rN+)
You are resistant to electric shocks. (rElec)
You are resistant to unholy torment.
You are immune to petrification.


Message History

There is an open door here.
There is an open door here.
You open the door.
There is an open door here.
You open the door.
Found a dagger.
There is an open door here.
You now have 211 gold pieces (gained 5).
u - 2 fuming white potions
Found a stone staircase leading down.
You now have 223 gold pieces (gained 12).
There is an open door here.
There is an open door here.
Holysushi's ghost turns its malevolent gaze towards you.
Could not explore, unopened runed door.
Okay, then.
(D) Dungeon
Where to? (Enter - D:4, ? - help)
There is a stone staircase leading down here.
You climb downwards.
Found a mace.
There is a stone staircase leading up here.
An ogre is nearby!
An ogre is nearby!
A shadow imp comes into view.
Found a stone staircase leading down.
You block the ogre's attack.
You hit the ogre.
The ogre is lightly wounded.
You hit the ogre.
The ogre is heavily wounded.
The ogre hits you with a +0 giant club.
You hit the ogre.
The ogre is heavily wounded.
The ogre hits you with a +0 giant club!!
Ouch! That really hurt!
* * * LOW HITPOINT WARNING * * *
You hit the ogre.
The ogre is severely wounded.
The ogre hits you with a +0 giant club!
You die...

#......# #......#
.... #......#
.)..
#......#.....
#####......#.....
................
>.......5.......
#.O@...# #.###<##
# #.# #.# ..# ...
.... .... ......


You could see an ogre and a shadow imp.

Vanquished Creatures
  A water moccasin (D:3)
  An ogre (D:4)
  A hound (D:3)
  A jelly (D:3)
  3 gnolls
  4 adders
  A worm (D:2)
  A dart slug (D:4)
  7 orcs
  7 ball pythons
  9 endoplasms
  4 giant cockroaches
  7 goblins
  3 hobgoblins (D:1)
  9 jackals
  2 kobolds (D:2)
  3 quokkas
  5 bats
  2 frilled lizards
  3 rats
74 creatures vanquished.

Notes
Turn   | Place    | Note
-------+----------+-------------------------------------------
     0 | D:1      | Antichthon the Gargoyle Fighter began the quest for the
                  | Orb.
     0 | D:1      | Reached XP level 1. HP: 14/14 MP: 1/1
   216 | D:1      | Reached XP level 2. HP: 19/19 MP: 2/2
   779 | D:1      | Reached XP level 3. HP: 17/23 MP: 3/3
  1531 | D:2      | Reached XP level 4. HP: 26/28 MP: 4/4
  2126 | D:3      | Reached skill level 1 in Invocations
  2214 | D:2      | Found a white marble altar of Elyvilon.
  2321 | D:3      | Noticed a water moccasin
  2338 | D:3      | Killed a water moccasin
  2339 | D:3      | Reached skill level 1 in Dodging
  2339 | D:3      | Reached XP level 5. HP: 17/33 MP: 4/6
  2676 | D:3      | Reached XP level 6. HP: 30/38 MP: 7/7
  3083 | D:3      | Found a faded altar of an unknown god.
  3088 | D:3      | Found a shimmering altar of Xom.
  3381 | D:3      | Found a faded altar of an unknown god.
  4134 | D:4      | Found a runed translucent door.
  4136 | D:4      | Noticed holysushi's ghost (amateur KoMo)
  4136 | D:4      | Noticed an orc warrior
  4282 | D:5      | Entered Level 5 of the Dungeon
  4288 | D:5      | Mangled by an ogre

Illustrated notes

Levels and vault maps discovered:
D:1:      dpeg_arrival_another_circle, layout_loops_ring,
          chequers_serial_rivers_room_b
D:2:      layout_basic, basic_altar
D:3:      layout_basic, nicolae_overflow_ecumenical_swirl,
          dreamdust_ecumenical_altar_angels_and_demons
D:4:      layout_gridville, ebering_ghost_inner_flame, grunt_ministairs_1,
          nicolae_figureground_pulse
D:5:      layout_basic, serial_shops, shop_statue, kennysheep_generic_room_2,
          uniq_ijyb, uniq_menkaure, uniq_prince_ribbit1

Skill      XL: |  1  2  3  4  5  6 |
---------------+-------------------+-----
Invocations    | 1 2 |  2.0
Maces & Flails | 3 4 |  4.3
Armour         | 4 |  4.6
Dodging        | 1 |  1.4
Shields        | 4 |  4.3
Fighting       | 4 |  4.2

Action                   |  1- 3 |  4- 6 || total
-------------------------+-------+-------++-------
Melee: Flail             |    95 |   160 ||   255
  Use: Scroll            |     2 |     6 ||     8
Armor: Scale mail        |    50 |     3 ||    53
       Chain mail        |       |   110 ||   110
Dodge: Dodged            |    49 |    65 ||   114
Block: Buckler           |    28 |    53 ||    81

Table legend: (Time is in decaauts)
 A = Elapsed time spent in this place.
 B = Non-inter-level travel time spent in this place.
 C = Inter-level travel time spent in this place.
 D = Time resting spent in this place.
 E = Time spent auto-exploring this place.
 F = Levels seen in this place.
 G = Mean time per level.
                   A        B        C        D        E       F      G
               +--------+--------+--------+--------+--------+-----+--------+
         Total |   4364 |   4221 |    143 |    120 |   3301 |   5 |  872.8 |
       Dungeon |   4364 |   4221 |    143 |    120 |   3301 |   5 |  872.8 |
               +--------+--------+--------+--------+--------+-----+--------+

Top non-repeatable levels by time:
     D:3: 1232 daAuts
     D:1: 1177 daAuts
     D:2: 1177 daAuts
     D:4: 771 daAuts
     D:5: 6 daAuts
